TOP OF THE 1ST |
Surrey Sinners batting - Pitching for Salem Sledgehammers : LHP Don Sutherland
|
Pitching: LHP Don Sutherland
|
|
Batting: RHB Tony Cruz
|
0-0: Ball 1-0: Foul Ball, location: 2F 1-1: Ball 2-1: Ball 3-1: DOUBLE (Line Drive, 89S)
|
Batting: RHB Jesús Hernández
|
0-0: Ground out 6-3 (Groundball, 6M) Tony Cruz to third
|
Batting: RHB Paul Ayers
|
0-0: Called Strike 0-1: Fly out, F9 (Flyball, 9LM) Runner from 3rd tags up, SCORES, throw made
|
Batting: LHB Richard Bell
|
0-0: Ground out 6-3 (Groundball, 6)
|
Top of the 1st over - 1 run(s), 1 hit(s), 0 error(s), 0 left on base; Surrey 1 - Salem 0 |
BOTTOM OF THE 1ST |
Salem Sledgehammers batting - Pitching for Surrey Sinners : RHP Ben Evans
|
Pitching: RHP Ben Evans
|
|
Batting: RHB William Richardson
|
0-0: Called Strike 0-1: Foul Ball, location: 2F 0-2: Foul Ball, location: 2F 0-2: Foul Ball, location: 2F 0-2: Foul Ball, location: 2F 0-2: Ball 1-2: Ball 2-2: Ball 3-2: Ground out 6-3 (Groundball, 6M)
|
Batting: RHB Brandon Pope
|
0-0: Ball 1-0: Foul Ball, location: 2F 1-1: Ball 2-1: Foul Ball, location: 2F 2-2: Ball 3-2: Base on Balls
|
Batting: SHB Lee Townsend
|
Pickoff Throw to First - Out! 0-0: Foul Ball, location: 2F 0-1: Foul Ball, location: 2F 0-2: Ball 1-2: Strikes out swinging
|
Bottom of the 1st over - 0 run(s), 0 hit(s), 0 error(s), 0 left on base; Surrey 1 - Salem 0 |
TOP OF THE 2ND |
Surrey Sinners batting - Pitching for Salem Sledgehammers : LHP Don Sutherland
|
Batting: RHB Héctor Berrios
|
0-0: Foul Ball, location: 2F 0-1: Foul Ball, location: 2F 0-2: Foul Ball, location: 2F 0-2: Foul Ball, location: 2F 0-2: Strikes out swinging
|
Batting: RHB Steve Bender
|
0-0: Ball 1-0: SINGLE (Line Drive, 7S)
|
Batting: RHB Carlos Rodríguez
|
0-0: Foul Ball, location: 2F 0-1: Foul Ball, location: 2F 0-2: Ball 1-2: Fly out, F3 (Popup, 3SF)
|
Batting: RHB Víctor Arredondo
|
0-0: Called Strike 0-1: Called Strike 0-2: Foul Ball, location: 2F 0-2: Foul Ball, location: 2F 0-2: Foul Ball, location: 2F 0-2: Ball 1-2: Strikes out swinging
|
Top of the 2nd over - 0 run(s), 1 hit(s), 0 error(s), 1 left on base; Surrey 1 - Salem 0 |
BOTTOM OF THE 2ND |
Salem Sledgehammers batting - Pitching for Surrey Sinners : RHP Ben Evans
|
Batting: RHB Earnest Finnegan
|
0-0: Ball 1-0: Called Strike 1-1: Called Strike 1-2: Ball 2-2: Strikes out swinging
|
Batting: SHB Pepe Piña
|
0-0: Called Strike 0-1: Called Strike 0-2: Strikes out looking
|
Batting: SHB Júlio Salazar
|
0-0: Called Strike 0-1: Ball 1-1: Swinging Strike 1-2: Strikes out swinging, 2-3 out at first.
|
Bottom of the 2nd over - 0 run(s), 0 hit(s), 0 error(s), 0 left on base; Surrey 1 - Salem 0 |
TOP OF THE 3RD |
Surrey Sinners batting - Pitching for Salem Sledgehammers : LHP Don Sutherland
|
Batting: RHB Cooper Richard
|
0-0: SINGLE (Line Drive, 56D)
|
Batting: RHB Tony Cruz
|
0-0: Called Strike 0-1: Called Strike 0-2: Foul Ball, location: 2F 0-2: Foul Ball, location: 2F 0-2: Ball 1-2: Fly out, F9 (Flyball, 89D)
|
Batting: RHB Jesús Hernández
|
0-0: Called Strike 0-1: Ball 1-1: Ball 2-1: Swinging Strike 2-2: Foul Ball, location: 2F 2-2: Fly out, F7 (Line Drive, 78S)
|
Batting: RHB Paul Ayers
|
0-0: Ball 1-0: Called Strike 1-1: Foul Ball, location: 2F 1-2: Strikes out looking
|
Top of the 3rd over - 0 run(s), 1 hit(s), 0 error(s), 1 left on base; Surrey 1 - Salem 0 |
BOTTOM OF THE 3RD |
Salem Sledgehammers batting - Pitching for Surrey Sinners : RHP Ben Evans
|
Batting: LHB Brent Alonzo
|
0-0: Called Strike 0-1: Ball 1-1: Foul Ball, location: 2F 1-2: Foul Ball, location: 2F 1-2: Ball 2-2: Ground out 6-3 (Groundball, 6)
|
Batting: RHB Fernando Pérez
|
0-0: Foul Ball, location: 2F 0-1: Swinging Strike 0-2: Strikes out swinging
|
Batting: RHB Ryan Cates
|
0-0: Reached on error, E6 (Groundball, 6)
|
Batting: RHB William Richardson
|
0-0: Called Strike 0-1: Ball 1-1: Swinging Strike 1-2: Strikes out swinging
|
Bottom of the 3rd over - 0 run(s), 0 hit(s), 1 error(s), 1 left on base; Surrey 1 - Salem 0 |
TOP OF THE 4TH |
Surrey Sinners batting - Pitching for Salem Sledgehammers : LHP Don Sutherland
|
Batting: LHB Richard Bell
|
0-0: Ball 1-0: Foul Ball, location: 2F 1-1: Fly out, F8 (Flyball, 8LM)
|
Batting: RHB Héctor Berrios
|
0-0: Called Strike 0-1: Foul Ball, location: 2F 0-2: Foul Ball, location: 2F 0-2: Foul Ball, location: 2F 0-2: Ground out 6-3 (Groundball, 6)
|
Batting: RHB Steve Bender
|
0-0: Ball 1-0: SINGLE (Flyball, 89S)
|
Batting: RHB Carlos Rodríguez
|
0-0: Called Strike 0-1: SINGLE (Line Drive, 56D) Steve Bender to second
|
Batting: RHB Víctor Arredondo
|
0-0: Called Strike 0-1: Called Strike 0-2: Ball 1-2: Ball 2-2: Ball 3-2: Ground out 5-3 (Groundball, 5S)
|
Top of the 4th over - 0 run(s), 2 hit(s), 0 error(s), 2 left on base; Surrey 1 - Salem 0 |
BOTTOM OF THE 4TH |
Salem Sledgehammers batting - Pitching for Surrey Sinners : RHP Ben Evans
|
Batting: RHB Brandon Pope
|
0-0: Fly out, F8 (Flyball, 8RS)
|
Batting: SHB Lee Townsend
|
0-0: Ball 1-0: Ball 2-0: Ball 3-0: Base on Balls
|
Batting: RHB Earnest Finnegan
|
0-0: Called Strike 0-1: Called Strike 0-2: Ball 1-2: Ball 2-2: Foul Ball, location: 2F 2-2: Ball 3-2: Strikes out looking
|
Batting: SHB Pepe Piña
|
0-0: Ball 1-0: Swinging Strike 1-1: Ball 2-1: Foul Ball, location: 2F 2-2: Strikes out swinging
|
Bottom of the 4th over - 0 run(s), 0 hit(s), 0 error(s), 1 left on base; Surrey 1 - Salem 0 |
TOP OF THE 5TH |
Surrey Sinners batting - Pitching for Salem Sledgehammers : LHP Don Sutherland
|
Batting: RHB Cooper Richard
|
0-0: Ball 1-0: Ball 2-0: SINGLE (Line Drive, 78S)
|
Batting: RHB Tony Cruz
|
0-0: Ball 1-0: Ball 2-0: Called Strike 2-1: Foul Ball, location: 2F 2-2: Foul Ball, location: 2F 2-2: Foul Ball, location: 2F 2-2: DOUBLE (Line Drive, 5L) Cooper Richard to third
|
Batting: RHB Jesús Hernández
|
0-0: Intentional Walk
|
Batting: RHB Paul Ayers
|
0-0: Grounds into double play, 6-4-3 (Groundball, 6M) Cooper Richard scores Tony Cruz to third
|
Batting: LHB Richard Bell
|
0-0: Called Strike 0-1: Ball 1-1: Fly out, F7 (Flyball, 7LMF)
|
Top of the 5th over - 1 run(s), 2 hit(s), 0 error(s), 1 left on base; Surrey 2 - Salem 0 |
BOTTOM OF THE 5TH |
Salem Sledgehammers batting - Pitching for Surrey Sinners : RHP Ben Evans
|
Batting: SHB Júlio Salazar
|
0-0: Called Strike 0-1: Ground out 6-3 (Groundball, 6M)
|
Batting: LHB Brent Alonzo
|
0-0: Called Strike 0-1: Swinging Strike 0-2: Ball 1-2: Fly out, F5 (Line Drive, 5L)
|
Batting: RHB Fernando Pérez
|
0-0: Ball 1-0: Swinging Strike 1-1: Called Strike 1-2: Ball 2-2: Foul Ball, location: 2F 2-2: Fly out, F9 (Flyball, 9M)
|
Bottom of the 5th over - 0 run(s), 0 hit(s), 0 error(s), 0 left on base; Surrey 2 - Salem 0 |
TOP OF THE 6TH |
Surrey Sinners batting - Pitching for Salem Sledgehammers : LHP Don Sutherland
|
Batting: RHB Héctor Berrios
|
0-0: Called Strike 0-1: Ball 1-1: Fly out, F8 (Flyball, 8LM)
|
Batting: RHB Steve Bender
|
0-0: SINGLE (Groundball, 56D)
|
Batting: RHB Carlos Rodríguez
|
0-0: Called Strike 0-1: Swinging Strike 0-2: Strikes out swinging
|
Pitching: LHP Nick Johnson
|
|
Batting: RHB Víctor Arredondo
|
0-0: Ball 1-0: Called Strike 1-1: Called Strike 1-2: Ground out 1-3 (Groundball, 13)
|
Top of the 6th over - 0 run(s), 1 hit(s), 0 error(s), 1 left on base; Surrey 2 - Salem 0 |
BOTTOM OF THE 6TH |
Salem Sledgehammers batting - Pitching for Surrey Sinners : RHP Ben Evans
|
Batting: RHB Ryan Cates
|
0-0: SINGLE (Groundball, 34D)
|
Batting: RHB William Richardson
|
0-0: Called Strike Ryan Cates steals 2nd base 0-1: SINGLE (Groundball, 34D) (infield hit) Ryan Cates to third
|
Batting: RHB Brandon Pope
|
0-0: Called Strike 0-1: Ball 1-1: Called Strike 1-2: Foul Ball, location: 2F 1-2: Strikes out swinging
|
Batting: SHB Lee Townsend
|
0-0: Called Strike 0-1: Ball 1-1: Ball 2-1: Fly out, F4 (Line Drive, 34)
|
Pitching: RHP José López
|
|
Batting: RHB Earnest Finnegan
|
0-0: Ball 1-0: Called Strike 1-1: Ball 2-1: Foul Ball, location: 2F 2-2: Ball 3-2: Strikes out looking
|
Bottom of the 6th over - 0 run(s), 2 hit(s), 0 error(s), 2 left on base; Surrey 2 - Salem 0 |
TOP OF THE 7TH |
Surrey Sinners batting - Pitching for Salem Sledgehammers : LHP Nick Johnson
|
Batting: RHB Cooper Richard
|
0-0: Called Strike 0-1: Called Strike 0-2: Strikes out swinging
|
Batting: RHB Tony Cruz
|
0-0: Called Strike 0-1: Foul Ball, location: 2F 0-2: Strikes out swinging
|
Batting: RHB Jesús Hernández
|
0-0: Ball 1-0: Called Strike 1-1: Ball 2-1: Ball 3-1: Base on Balls
|
Batting: RHB Paul Ayers
|
0-0: Ball Jesús Hernández is caught stealing 2nd base
|
Top of the 7th over - 0 run(s), 0 hit(s), 0 error(s), 0 left on base; Surrey 2 - Salem 0 |
BOTTOM OF THE 7TH |
Salem Sledgehammers batting - Pitching for Surrey Sinners : RHP José López
|
Batting: SHB Pepe Piña
|
0-0: DOUBLE (Line Drive, 3L)
|
Batting: SHB Júlio Salazar
|
0-0: Swinging Strike 0-1: Ball 1-1: SINGLE (Groundball, 4M) (infield hit) Pepe Piña to third
|
Batting: LHB Brent Alonzo
|
0-0: Ball 1-0: Fly out, F5 (Popup, 5)
|
Batting: RHB Fernando Pérez
|
0-0: Called Strike 0-1: Ground out 4-3 (Groundball, 4M) Pepe Piña scores Júlio Salazar to second
|
Pinch Hitting: RHB B.J. Allen
|
0-0: Ball 1-0: Ball 2-0: Foul Ball, location: 2F 2-1: Fly out, F9 (Flyball, 9M)
|
Bottom of the 7th over - 1 run(s), 2 hit(s), 0 error(s), 1 left on base; Surrey 2 - Salem 1 |
TOP OF THE 8TH |
Surrey Sinners batting - Pitching for Salem Sledgehammers : LHP Nick Johnson
|
Now at 3B: Dale Reeves
|
|
Batting: RHB Paul Ayers
|
0-0: Ball 1-0: Called Strike 1-1: Ground out 4-3 (Groundball, 13)
|
Batting: LHB Richard Bell
|
0-0: Ball 1-0: Ball 2-0: Ball 3-0: Called Strike 3-1: Ground out 6-3 (Groundball, 6)
|
Batting: RHB Héctor Berrios
|
0-0: Ball 1-0: Called Strike 1-1: Ground out 5-3 (Groundball, 5S)
|
Top of the 8th over - 0 run(s), 0 hit(s), 0 error(s), 0 left on base; Surrey 2 - Salem 1 |
BOTTOM OF THE 8TH |
Salem Sledgehammers batting - Pitching for Surrey Sinners : RHP José López
|
Pitching: RHP Jesse Jones
|
|
Now at 2B: Jesús Gonzáles
|
|
Batting: RHB William Richardson
|
0-0: Fly out, F8 (Flyball, 8RM)
|
Batting: RHB Brandon Pope
|
0-0: Ball 1-0: Fly out, F8 (Flyball, 8RM)
|
Batting: SHB Lee Townsend
|
0-0: Called Strike 0-1: Ball 1-1: Ball 2-1: Called Strike 2-2: Strikes out swinging
|
Bottom of the 8th over - 0 run(s), 0 hit(s), 0 error(s), 0 left on base; Surrey 2 - Salem 1 |
TOP OF THE 9TH |
Surrey Sinners batting - Pitching for Salem Sledgehammers : LHP Nick Johnson
|
Pitching: RHP Carlos Morán
|
|
Batting: RHB Steve Bender
|
0-0: Ball 1-0: Ball 2-0: Ball 3-0: Called Strike 3-1: Fly out, F3 (Line Drive, 3L)
|
Batting: RHB Carlos Rodríguez
|
0-0: Ball 1-0: Swinging Strike 1-1: Called Strike 1-2: Ball 2-2: Strikes out swinging
|
Batting: RHB Víctor Arredondo
|
0-0: Ball 1-0: Ball 2-0: Ball 3-0: Called Strike 3-1: Swinging Strike 3-2: Base on Balls
|
Pinch Hitting: LHB Larry Howard
|
0-0: Ball 1-0: Ground out 4-3 (Groundball, 4)
|
Top of the 9th over - 0 run(s), 0 hit(s), 0 error(s), 1 left on base; Surrey 2 - Salem 1 |
BOTTOM OF THE 9TH |
Salem Sledgehammers batting - Pitching for Surrey Sinners : RHP Jesse Jones
|
Pitching: LHP Artie Nelson
|
|
Now at C: Bill Little
|
|
Now at 1B: Benny Richard
|
|
Now in CF: Martin Short
|
|
Now in RF: Edmund Ross
|
|
Batting: RHB Earnest Finnegan
|
0-0: Ball 1-0: Called Strike 1-1: Called Strike 1-2: Strikes out looking
|
Pinch Hitting: RHB Benjamin Lawson
|
0-0: Ball 1-0: Called Strike 1-1: DOUBLE (Line Drive, 9D)
|
Batting: SHB Júlio Salazar
|
0-0: Foul Ball, location: 2F 0-1: Called Strike 0-2: Strikes out looking
|
Batting: LHB Brent Alonzo
|
0-0: Ball 1-0: SINGLE (Groundball, 6M) (infield hit) Benjamin Lawson to third
|
Batting: RHB Fernando Pérez
|
0-0: Ball 1-0: Called Strike 1-1: Swinging Strike 1-2: Strikes out looking
|
Bottom of the 9th over - 0 run(s), 2 hit(s), 0 error(s), 2 left on base; Surrey 2 - Salem 1 |
|